 Dungeon Crawl Stone Soup version 0.30-b1-2-g02819fbbbe (webtiles) character file.

Game seed: 8486147140390491111

23178 manyhoops the Thaumaturge (level 12, -1/130 HPs)
             Began as a Demigod Earth Elementalist on Dec 1, 2023.
             Shot with a sling bullet by a minotaur (10 damage)
             ... in a Gauntlet.
             The game lasted 00:26:49 (13460 turns).

manyhoops the Thaumaturge (DgEE)                   Turns: 13460, Time: 00:26:49

Health: -1/130     AC: 26    Str: 12    XL:     12   Next: 37%
Magic:  24/29      EV:  2    Int: 36    God:
Gold:   1347       SH:  6    Dex: 20    Spells: 14/28 levels left

rFire   . . .        y - staff of earth
rCold   . . .        O - +0 buckler
rNeg    + . .        G - melded +2 leather armour {rC+}
rPois   +            X - melded +1 hat "Load" {Rampage rElec Dex-3}
rElec   +            L - melded +2 cloak
rCorr   .            d - melded +2 pair of gloves
SInv    +            (boots currently unavailable)
Will    +....        g - amulet "Sappeleg" {rElec Regen+ Dex+2 SInv}
Stlth   ++++         z - +6 ring of dexterity
HPRegen 1.21/turn    J - ring of positive energy
MPRegen 0.21/turn

%: no teleportation, clarity
@: tree-form
A: stationary, stasis, torment immunity, boosted hp, high MP 1, forlorn, divine
attributes, clarity, clever 1, frail 1, strong 1
a: no special abilities


You were in a Gauntlet.
You were a tree.
You visited 1 branch of the dungeon, and saw 13 of its levels.
You also visited: Sewer and Gauntlet.

You collected 1507 gold pieces.
You spent 160 gold pieces at shops.

Inventory:

Armour
 d - a +2 pair of gloves (melded)
 o - a scarf of resistance
 C - a scarf of shadows
 G - a +2 leather armour of cold resistance (melded)
 L - a +2 cloak (melded)
 M - a +0 troll leather armour
 O - a +0 buckler (worn)
 S - a +1 robe of fire resistance
 X - the +1 hat "Load" (melded) {Rampage rElec Dex-3}
   (You found it in a Gauntlet)

   Dex:       It affects your dexterity (-3).
   rElec:     It insulates you from electricity.
   Rampage:   It bestows one free step when moving towards enemies.
Magical Staves
 y - a staff of earth (weapon)
Jewellery
 g - the amulet "Sappeleg" (around neck) {rElec Regen+ Dex+2 SInv}
   (You found it on level 10 of the Dungeon)

   [amulet of regeneration]

   Dex:       It affects your dexterity (+2).
   rElec:     It insulates you from electricity.
   SInv:      It lets you see invisible.
   Regen:     It increases your rate of health regeneration.
 z - a +6 ring of dexterity (left branch)
 J - a ring of positive energy (right branch)
 K - an amulet of reflection
Wands
 w - a wand of flame (8)
 D - a wand of polymorph (10)
 H - a wand of mindburst (19)
 P - a wand of digging (10)
 Q - a wand of iceblast (9)
 U - a wand of paralysis (10)
Scrolls
 a - 2 scrolls of fog
 i - 2 scrolls of brand weapon
 j - 6 scrolls of silence
 k - 3 scrolls of amnesia
 l - 2 scrolls of torment
 m - 4 scrolls of teleportation
 n - 4 scrolls of magic mapping
 r - 2 scrolls of noise
 u - 4 scrolls of vulnerability
 x - a scroll of enchant weapon
 A - a scroll of poison
 F - a scroll of immolation
 R - 3 scrolls of identify
 V - 2 scrolls of enchant armour
Potions
 b - 3 potions of magic
 c - 7 potions of attraction
 e - 3 potions of curing
 f - a potion of ambrosia
 s - 2 potions of mutation
 t - 4 potions of brilliance
 B - 3 potions of might
 E - a potion of resistance
 I - 2 potions of flight {unknown}
 N - a potion of cancellation
Miscellaneous
 T - a box of beasts (inert)
 W - a phial of floods


   Skills:
 - Level 6.3 Fighting
 - Level 1.7 Dodging
 - Level 8.4 Stealth
 - Level 5.7 Shields
 + Level 8.8 Spellcasting
 - Level 5.0 Conjurations
 - Level 0.8 Transmutations
 - Level 5.7 Ice Magic
 - Level 5.7 Air Magic
 - Level 5.8 Earth Magic
 - Level 7.2 Evocations


You had 14 spell levels left.
You knew the following spells:

 Your Spells              Type           Power      Damage    Failure   Level
a - Sandblast             Erth           100%       2d20      1%          1
b - Passwall              Tmut/Erth      46%        N/A       1%          2
c - Stone Arrow           Conj/Erth      100%       3d13      1%          3
d - Ozocubu's Armour      Ice            54%        N/A       1%          3
f - Freezing Cloud        Conj/Ice/Air   26%        6-21      10%         5

Your spell library contained the following spells:

 Spells                   Type           Power      Damage    Failure   Level
 Momentum Strike          Conj/Tloc      68%        3d9       1%          2
 Cigotuvi's Dreadful Rot  Necr/Pois/Air  58%        N/A       2%          2
 Apportation              Tloc           30%        N/A       3%          1
 Blink                    Tloc           30%        N/A       5%          2
 Lesser Beckoning         Tloc           30%        N/A       5%          2
 Petrify                  Tmut/Erth      56%        N/A       9%          4
 Ignite Poison            Fire/Tmut/Pois 17%        N/A       10%         3
 Summon Ice Beast         Ice/Summ       36%        N/A       11%         4
 Iskenderun's Battlesphe  Conj           51%        2d10      12%         5
 Iron Shot                Conj/Erth      35%        9d7       50%         6
 Alistair's Intoxication  Tmut/Pois      12%        N/A       63%         5
 Summon Mana Viper        Hex/Summ       15%        N/A       67%         5
 Ozocubu's Refrigeration  Ice            27%        4d13      96%         7
 Monstrous Menagerie      Summ           7%         N/A       100%        7
 Spellforged Servitor     Conj/Summ      17%        N/A       100%        7


Dungeon Overview and Level Annotations

Branches:
Dungeon (13/15)            Temple (0/1) D:5            Lair (0/5) D:11
    Orc (0/2) D:10          Sewer (visited)         Gauntlet (1/1)
 Vaults: D:13-14

Shops:
D:3 ?   D:8 *

Annotations:
D:3 Terence
D:10 1 runed translucent door Gauntlet 8 transporters


Innate Abilities, Weirdness & Mutations

You are a tree.
Your roots penetrate the ground, keeping you stationary.
You cannot be teleported.
You are immune to unholy pain and torment.
Your maximum health is greatly increased.
Your equipment is partially melded.
You have an increased reservoir of magic. (+10% MP)
You shall have no god before yourself.
Your divine heritage dramatically boosts your attributes as you level up.
You possess an exceptional clarity of mind.
Your mind is acute. (Int +4, Str/Dex -1)
You are frail. (-10% HP)
Your muscles are strong. (Str +4, Int/Dex -1)


Message History

Press: ? - help, Shift-Dir - straight line, p - minotaur
Okay, then.
The minotaur shoots a sling bullet.
The sling bullet hits your neqoxec. The sling bullet freezes your neqoxec.
What are your orders? t - Creak!
Orders for allies: a - Attack new target. p - Attack previous target. r - Retreat! s - Stop attacking. g - Guard the area. f - Follow me.
Anything else - Cancel.
Gang up on whom?
Press: ? - help, Dir - move target, f/p - minotaur
Aim: a minotaur, wielding the +8 sling of Freehold {freeze, Will- Dex+8 Stlth+}, wearing a +0 plate armour and quivering javelins (moderately wounded, ally target) Attack!
The minotaur shoots a sling bullet.
The sling bullet hits your chaos spawn!!!
The sling bullet freezes your chaos spawn!
Your chaos spawn dies!
Your chaos spawn degenerates into a cloud of primal chaos!
Aiming: Mindburst
Press: ? - help, Shift-Dir - straight line, f - you, p - minotaur
Okay, then.
Aiming: Iceblast
Press: ? - help, Shift-Dir - straight line, f/p - minotaur
Aim: a minotaur, wielding the +8 sling of Freehold {freeze, Will- Dex+8 Stlth+}, wearing a +0 plate armour and quivering javelins (moderately wounded, ally target)
The mass of ice explodes!
The iceblast engulfs your neqoxec!!
Your neqoxec is almost dead.
The iceblast engulfs the minotaur!
The minotaur is moderately wounded.
Your neqoxec dissolves into shadows!
The minotaur shoots a sling bullet.
You block the sling bullet.
Unknown command.
Aiming: Iceblast
Press: ? - help, Shift-Dir - straight line, f/p - minotaur
Aim: a minotaur, wielding the +8 sling of Freehold {freeze, Will- Dex+8 Stlth+}, wearing a +0 plate armour and quivering javelins (moderately wounded)
The mass of ice explodes!
The iceblast engulfs the minotaur.
The minotaur is heavily wounded.
The minotaur shoots a sling bullet.
The sling bullet hits you!!
* * * LOW HITPOINT WARNING * * *
The sling bullet freezes you!
You die...

..# ## #.##.. .# #
#....##..##
..##.##...#
#.##.......
#....##.©8.
######.##.##....
###∩.H.'.##....©8.
#♣######....##....
##.##....##.##.©8.
##..H.##.##.......
#..##.##....##...#
##.##....##.##..##
#....##.##....###
####.##....######
######### #≈ ##


You could see a minotaur.

Vanquished Creatures
  2 hydras
  Erica (D:9)
  3 two-headed ogres
  2 thrashing horrors (Gauntlet)
  3 ugly things (D:12)
  2 cyclopes
  A manticore (D:12)
  A gargoyle (D:11)
  Psyche (D:10)
  4 kobold demonologists
  A komodo dragon (D:11)
  9 trolls
  A hornet (D:7)
  A tyrant leech (Gauntlet)
  Prince Ribbit (D:9)
  11 slime creatures
  2 shadows
  2 wraiths
  Eustachio (D:6)
  13 yaks
  A wyvern (D:9)
  A basilisk (D:6)
  A steam dragon (D:10)
  4 vampire mosquitoes (D:12)
  Edmund (D:4)
  4 swamp worms (Gauntlet)
  3 small abominations (Gauntlet)
  An acid dragon (D:11)
  3 water moccasins
  8 orc warriors
  2 ice beasts
  7 ogres
  4 centaurs
  9 kobold brigands
  A bullfrog (D:6)
  4 gnoll sergeants
  2 scorpions
  5 wights
  18 killer bees
  7 howler monkeys
  4 electric eels (D:8)
  4 orc priests
  3 jellies
  A gnoll bouda (D:9)
  4 iguanas
  3 sleepcaps
  Natasha (twice) (D:3)
  8 orc wizards
  18 gnolls
  3 adders
  A shadow imp (D:8)
  An ufetubus (D:5)
  2 worms (D:2)
  4 dart slugs
  35 orcs
  6 ball pythons
  4 bats
  7 endoplasms
  9 giant cockroaches
  10 hobgoblins
  7 jackals
  21 kobolds
  5 quokkas
  4 frilled lizards
  4 goblins
  9 rats
327 creatures vanquished.

Vanquished Creatures (others)
  A wizard (D:7)
  34 plants
35 creatures vanquished.

Grand Total: 362 creatures vanquished

Notes
Turn   | Place    | Note
-------+----------+-------------------------------------------
     0 | D:1      | manyhoops the Demigod Earth Elementalist began the quest
                  | for the Orb.
     0 | D:1      | Reached XP level 1. HP: 14/14 MP: 5/5
   224 | D:1      | Reached XP level 2. HP: 20/20 MP: 5/7
   743 | D:1      | Reached XP level 3. HP: 26/26 MP: 6/9
  1823 | D:3      | Found Kusif's Magic Scroll Boutique.
  1876 | D:3      | Bought a scroll of teleportation for 39 gold pieces
  1981 | D:3      | Reached XP level 4. HP: 33/33 MP: 9/11
  2002 | D:3      | Noticed Natasha
  2009 | D:3      | Killed Natasha
  2112 | D:3      | Noticed Terence
  2222 | D:3      | Learned a level 2 spell: Passwall
  2222 | D:3      | You fall into a shaft and drop 2 floors!
  2222 | D:5      | Entered Level 5 of the Dungeon
  2248 | D:5      | Reached skill level 1 in Fighting
  2320 | D:5      | Noticed an ogre
  2322 | D:5      | Identified the +2 chain mail of Deotzech {rN+ Int+3}
  2325 | D:5      | Killed an ogre
  2326 | D:5      | Reached XP level 5. HP: 42/42 MP: 8/12
  2454 | D:5      | Found a staircase to the Ecumenical Temple.
  2534 | D:4      | Reached XP level 6. HP: 43/51 MP: 5/13
  2610 | D:4      | Noticed Edmund
  2632 | D:4      | Found a glowing drain.
  2655 | Sewer    | Entered a sewer
  2811 | Sewer    | Noticed a water moccasin
  2817 | Sewer    | Killed a water moccasin
  3320 | D:4      | Reached XP level 7. HP: 59/59 MP: 9/14
  3337 | D:3      | Bought a scroll of teleportation for 39 gold pieces
  3337 | D:3      | Bought a scroll of fear for 52 gold pieces
  3365 | D:3      | Noticed Natasha
  3367 | D:3      | Killed Natasha
  3454 | D:3      | Learned a level 3 spell: Stone Arrow
  3609 | D:4      | Killed Edmund
  3610 | D:4      | Reached skill level 5 in Stealth
  3754 | D:5      | Noticed a two-headed ogre
  3761 | D:5      | Killed a two-headed ogre
  3762 | D:5      | Reached skill level 5 in Fighting
  3762 | D:5      | Reached XP level 8. HP: 65/69 MP: 8/15
  4585 | D:6      | Noticed Eustachio
  4602 | D:6      | Killed Eustachio
  4745 | D:6      | Reached skill level 1 in Evocations
  5069 | D:7      | Noticed a hornet
  5071 | D:7      | Reached XP level 9. HP: 76/77 MP: 13/17
  5336 | D:7      | Gained mutation: You expend magic power (3 MP) to
                  | strengthen your wands. [potion of mutation]
  5393 | D:7      | Lost mutation: You expend magic power (3 MP) to strengthen
                  | your wands. [potion of mutation]
  5393 | D:7      | Gained mutation: You have hidden genetic potential. [potion
                  | of mutation]
  5393 | D:7      | Gained mutation: You are frail. (-10% HP) [potion of
                  | mutation]
  5393 | D:7      | Gained mutation: Your muscles are strong. (Str +4, Int/Dex
                  | -1) [potion of mutation]
  5612 | D:7      | Noticed a wizard
  5618 | D:7      | Killed a wizard
  5946 | D:8      | Reached skill level 5 in Evocations
  6354 | D:8      | Found Muegopag's General Store.
  6395 | D:8      | Bought a scroll of identify for 30 gold pieces
  7314 | D:9      | Noticed Erica
  7328 | D:9      | Killed Erica
  7481 | D:9      | Noticed a two-headed ogre
  7489 | D:9      | Killed a two-headed ogre
  7490 | D:9      | Reached skill level 5 in Earth Magic
  7490 | D:9      | Reached XP level 10. HP: 75/75 MP: 18/20
  7509 | D:9      | Gained mutation: You possess an exceptional clarity of
                  | mind. [hidden potential]
  7657 | D:9      | Reached skill level 5 in Spellcasting
  7746 | D:9      | Reached skill level 1 in Shields
  8033 | D:9      | Noticed Prince Ribbit
  8040 | D:9      | Killed Prince Ribbit
  8053 | D:9      | Identified a scroll of acquirement
  8053 | D:9      | Acquired 800 gold pieces
  8692 | D:10     | Entered Level 10 of the Dungeon
  8741 | D:10     | Reached skill level 5 in Shields
  9180 | D:10     | Learned a level 3 spell: Ozocubu's Armour
  9186 | D:10     | Learned a level 5 spell: Freezing Cloud
  9324 | D:10     | Noticed a soul eater
  9328 | D:10     | Reached skill level 1 in Ice Magic
  9328 | D:10     | Noticed a soul eater
  9335 | D:10     | Noticed a rust devil
  9340 | D:10     | Noticed a smoke demon
  9618 | D:10     | Reached XP level 11. HP: 81/81 MP: 18/22
  9645 | D:10     | Identified the amulet "Sappeleg" {rElec Regen+ Dex+2 SInv}
  9673 | D:10     | Found a staircase to the Orcish Mines.
  9676 | D:10     | Reached skill level 5 in Ice Magic
  9693 | D:10     | Gained mutation: Your mind is acute. (Int +4, Str/Dex -1)
                  | [hidden potential]
  9693 | D:10     | Lost mutation: You have hidden genetic potential. [hidden
                  | potential expressed]
  9899 | D:10     | Found a runed translucent door.
  9899 | D:10     | Noticed a sixfirhy
 10016 | D:10     | Noticed Psyche
 10043 | D:10     | Killed Psyche
 10200 | D:11     | Noticed a five-headed hydra
 10201 | D:11     | Noticed a two-headed ogre
 10212 | D:10     | Killed a two-headed ogre
 10428 | D:11     | Killed a five-headed hydra
 10461 | D:11     | Reached skill level 5 in Conjurations
 10587 | D:11     | Reached skill level 1 in Air Magic
 11137 | D:11     | Found a staircase to the Lair.
 11433 | D:12     | Reached skill level 5 in Air Magic
 12131 | D:12     | Reached XP level 12. HP: 27/87 MP: 6/25
 12859 | D:13     | Noticed a four-headed hydra
 12865 | D:13     | Killed a four-headed hydra
 12867 | D:13     | Found a gate leading to a gauntlet.
 12883 | Gauntlet | Entered a Gauntlet
 12883 | Gauntlet | Found a transporter.
 12955 | Gauntlet | Found a transporter.
 12968 | Gauntlet | Found a transporter.
 12972 | Gauntlet | Found a transporter.
 12982 | Gauntlet | Found a transporter.
 13002 | Gauntlet | Found a transporter.
 13003 | Gauntlet | Noticed a dire elephant
 13015 | Gauntlet | Found a transporter.
 13033 | Gauntlet | Found a transporter.
 13037 | Gauntlet | Found a transporter.
 13046 | Gauntlet | Found a transporter.
 13070 | Gauntlet | Found a transporter.
 13074 | Gauntlet | Found a transporter.
 13364 | Gauntlet | Identified the +1 hat "Load" {Rampage rElec Dex-3}
 13414 | Gauntlet | Identified the +8 sling of Freehold {freeze, Will- Dex+8
                  | Stlth+}
 13414 | Gauntlet | Noticed a minotaur
 13453 | Gauntlet | HP: 5/130 [minotaur/sling bullet (3)]
 13460 | Gauntlet | Shot with a sling bullet by a minotaur

Illustrated notes

Levels and vault maps discovered:
D:1:      saegor_arrival_simple_a, layout_loops_ring, minmay_crystal_room,
          st_stairs_11
D:2:      layout_rooms, basic_altar, minmay_misc_feat_tower
D:3:      layout_basic, serial_shops, shop, uniq_terence, uniq_natasha
D:4:      layout_basic, portal_sewer_entry_a, uniq_edmund
D:5:      layout_cave_pools, nicolae_overflow_crystal_walls,
          minmay_temple_entry_statues_fountains
D:6:      layout_gridville, uniq_eustachio
D:7:      layout_loops_ring, trog_wizard, mainiacjoe_overflow_boulevard,
          minmay_misc_feat_secret_circle
D:8:      layout_basic, serial_shops, shop, serial_bayou_lagoon_b
D:9:      layout_loops_corners, minmay_overflow_temple_hex,
          minmay_quadrilaterals, uniq_erica, uniq_prince_ribbit1
D:10:     cheibrodos_shockbox, layout_loops_ring,
          kennysheep_orc_monster_closet_entryway, uniq_psyche
D:11:     layout_rooms, david_lair_shrubbed
D:12:     layout_long_grid
D:13:     layout_basic, lightli_vaults_fourway_checkpoint,
          gauntlet_entry_generic
Gauntlet: minmay_gauntlet_mixed_oops_all_seconds
          [minmay_gauntlet_arena_77_two_lines, nicolae_gauntlet_arena_x,
          minmay_gauntlet_arena_77_tiled_triplets,
          gammafunk_gauntlet_arena_crates,
          minmay_gauntlet_arena_77_double_cross,
          nicolae_gauntlet_arena_quarters, gauntlet_exit_green]

Skill      XL: |  1  2  3  4  5  6  7  8  9 10 11 12 |
---------------+-------------------------------------+-----
Spellcasting   | 2 3 4 5 6 8 |  8.8
Earth Magic    | 3 4 5 |  5.8
Fighting       | 2 3 4 5 6 |  6.3
Stealth        | 2 4 7 8 |  8.4
Evocations     | 2 7 |  7.2
Shields        | 5 |  5.7
Ice Magic      | 3 5 |  5.7
Conjurations   | 5 |  5.0
Air Magic      | 5 |  5.7
Dodging        | |  1.7
Transmutations | |  0.8

Action                     |  1- 3 |  4- 6 |  7- 9 | 10-12 || total
---------------------------+-------+-------+-------+-------++-------
  Melee: Unarmed           |     1 |       |       |       ||     1
         Mace              |     3 |     6 |       |       ||     9
         Staff             |       |       |     6 |       ||     6
         Punch             |       |       |     1 |       ||     1
   Cast: Sandblast         |    85 |    76 |   146 |   251 ||   558
         Stone Arrow       |       |       |    11 |    61 ||    72
         Freezing Cloud    |       |       |       |     6 ||     6
  Evoke: Wand              |       |       |     8 |     7 ||    15
         Box of beasts     |       |       |       |     1 ||     1
    Use: Potion            |     2 |     1 |     7 |    12 ||    22
         Scroll            |     1 |     7 |     6 |    12 ||    26
 Armour: Robe              |     8 |    28 |     2 |       ||    38
         Leather armour    |       |       |    46 |    40 ||    86
         Troll leather arm |       |       |       |    27 ||    27
         Skin              |       |       |       |     4 ||     4
  Dodge: Dodged            |    40 |    94 |    68 |    92 ||   294
  Block: Other             |       |       |     9 |     3 ||    12
         Reflection        |       |       |     2 |     3 ||     5
         Buckler           |       |       |       |    68 ||    68
